Map: Year Zero LE

Players

Serral

  • Race: Zerg Zerg
  • League: Master
  • Spawn Location: 1:00

HeroMarine - Winner!

  • Race: Terran Terran
  • League: Master
  • Spawn Location: 11:00

Event: 2019 WCS Winter Europe

VOD

Have the link to the VOD?

Description

Time

  • Played on: March 23, 2019, 10:15 a.m.
  • Length: 18:28

All games in this series

Show
View Real Time Build Order
Export as new Build Order

Serral Zerg 

Build Orders: Hatch First 

Get SALT Encoding   

  12  0:00  Drone  
  13  0:13  Overlord  
  13  0:24  Drone  
  14  0:31  Drone x2  
  16  0:51  Hatchery  
  16  0:54  Drone  
  16  0:57  Drone  
  16  1:01  Drone  
  18  1:12  Extractor  
  18  1:16  Spawning Pool  
  16  1:19  Drone  
  16  1:23  Drone  
  18  1:29  Drone  
  19  1:40  Drone  
  20  1:50  Drone  
  21  2:00  Overlord  
  21  2:03  Queen x2  
  21  2:05  Zergling x2  
  26  2:12  Drone  
  26  2:14  Zergling x2  
  26  2:15  Metabolic Boost  
  28  2:23  Drone  
  28  2:24  Drone  
  30  2:39  Hatchery  
  30  2:43  Drone x2  
  31  2:49  Queen  
  33  2:53  Overlord  
  33  2:57  Drone  
  34  2:58  Drone  
  34  3:02  Drone  
  36  3:14  Drone x2  
  36  3:16  Overlord  
  36  3:17  Zergling x2  
  36  3:18  Drone x2  
  41  3:22  Drone  
  41  3:24  Queen  
  44  3:34  Overlord  
  44  3:37  Zergling x2  
  44  3:39  Drone  
  46  3:45  Drone x4  
  50  3:50  Overlord  
  50  3:52  Drone  
  51  3:56  Overlord, Queen  
  51  3:59  Evolution Chamber  
  52  4:03  Drone  
  52  4:04  Drone  
  52  4:07  Queen  
  52  4:08  Drone  
  57  4:10  Drone  
  57  4:11  Drone  
  57  4:16  Drone x3  
  62  4:17  Drone  
  62  4:21  Drone x2  
  62  4:22  Drone  
  65  4:29  Zerg Ground Armor Level 1  
  65  4:32  Baneling Nest  
  65  4:33  Spore Crawler, Drone  
  65  4:37  Queen  
  66  4:39  Zergling x2  
  66  4:43  Drone x3  
  70  4:49  Spore Crawler, Extractor  
  70  4:50  Extractor  
  70  4:51  Spore Crawler  
  66  4:53  Lair  
  66  4:54  Drone  
  66  4:58  Drone x2  
  66  4:59  Drone  
  69  5:02  Drone  
  69  5:03  Drone  
  69  5:06  Drone x2  
  70  5:09  Drone x2  
  72  5:14  Drone x3  
  72  5:18  Drone x3  
  72  5:19  Drone  
  79  5:24  Drone x3  
  79  5:28  Extractor x2  
  81  5:31  Drone x2  
  81  5:32  Overlord  
  81  5:37  Overlord  
  81  5:38  Evolution Chamber  
  81  5:40  Overlord, Drone  
  81  5:42  Overlord  
  80  5:51  Overseer  
  80  5:52  Centrifical Hooks  
  80  5:54  Drone  
  80  5:56  Zergling x6  
  84  6:01  Hatchery, Zergling x8  
  84  6:03  Zergling x4  
  88  6:05  Overseer  
  88  6:08  Zergling x4  
  88  6:10  Zerg Melee Weapons Level 1  
  90  6:11  Overlord  
  90  6:13  Zergling x4  
  90  6:17  Zergling x4  
  94  6:23  Hydralisk Den  
  93  6:27  Extractor  
  93  6:28  Drone x4  
  93  6:29  Hydralisk Den, Drone  
  93  6:30  Drone x2  
  93  6:32  Zerg Missile Weapons Level 1  
  97  6:35  Drone  
  97  6:36  Infestation Pit  
  97  6:41  Spore Crawler, Drone x3  
  97  6:42  Drone  
  97  6:44  Drone x2  
  102  6:49  Baneling x5  
  102  6:50  Drone x2  
  102  6:51  Drone  
  102  6:53  Extractor  
  104  6:58  Pneumatized Carapace  
  104  7:00  Grooved Spines  
  104  7:01  Muscular Augments, Extractor, Drone  
  104  7:02  Drone  
  104  7:06  Spore Crawler  
  104  7:11  Overlord x2  
  104  7:16  Queen  
  104  7:19  Drone x2  
  104  7:22  Overlord  
  108  7:29  Hydralisk  
  104  7:30  Hydralisk x5  
  113  7:48  Drone x3  
  113  7:49  Baneling x3  
  113  7:50  Drone  
  117  7:55  Hive  
  117  7:56  Hydralisk x4  
  117  7:57  Hydralisk x3  
  117  7:58  Overseer  
  131  8:06  Drone x2  
  131  8:10  Overseer  
  133  8:13  Hydralisk x5  
  133  8:16  Drone  
  133  8:17  Overlord x2  
  133  8:18  Overlord  
  139  8:31  Zerg Missile Weapons Level 2  
  139  8:32  Drone x2  
  139  8:33  Drone  
  142  8:35  Hatchery  
  142  8:38  Hydralisk  
  142  8:39  Hydralisk x3  
  149  8:47  Spire  
  148  8:49  Hydralisk x2  
  148  8:53  Zergling x12  
  157  8:57  Zergling x2  
  157  8:58  Overlord x2  
  158  9:06  Viper  
  158  9:07  Viper x2  
  167  9:10  Spine Crawler  
  167  9:12  Overlord x2  
  166  9:24  Viper  
  166  9:25  Baneling  
  166  9:26  Baneling x11  
  169  9:32  Hydralisk x2  
  169  9:33  Hydralisk x2  
  177  9:41  Hydralisk  
  177  9:42  Hydralisk x3  
  178  9:54  Hydralisk x5  
  178  9:56  Extractor  
  178  9:58  Extractor  
  183  10:03  Queen, Drone x6  
  183  10:05  Overseer, Greater Spire  
  191  10:07  Hydralisk x2  
  195  10:14  Overlord  
  195  10:15  Hydralisk x2  
  195  10:20  Spine Crawler  
  198  10:37  Overlord  
  198  10:39  Overlord  
  198  10:45  Zerg Melee Weapons Level 2  
  194  10:57  Viper  
  194  11:02  Overseer  
  194  11:03  Viper  
  197  11:05  Overseer  
  200  11:13  Zerg Missile Weapons Level 3  
  200  11:20  Spine Crawler  
  200  11:21  Spore Crawler  
  196  11:29  Viper  
  199  11:38  Zerg Flyer Weapons Level 1  
  199  11:41  Spire  
  199  11:42  Spore Crawler  
  199  11:43  Spore Crawler  
  199  11:44  Hydralisk x2  
  199  11:45  Overseer  
  199  11:46  Spore Crawler x2  
  195  11:58  Corruptor x7  
  185  12:19  Zergling x6  
  185  12:20  Overlord x2  
  186  12:22  Overlord  
  186  12:23  Overlord  
  186  12:35  Brood Lord x3  
  186  12:36  Brood Lord x4  
  187  12:48  Viper x2  
  187  12:49  Viper  
  195  12:54  Zerg Flyer Armor Level 1  
  192  12:59  Baneling x4  
  192  13:02  Hydralisk x3  
  172  13:21  Hydralisk x15  
  191  13:29  Drone x4  
  189  13:38  Hydralisk x6  
  197  13:44  Overlord x3  
  197  13:48  Zerg Ground Armor Level 2  
  195  13:54  Zerg Flyer Weapons Level 2  
  192  13:59  Spine Crawler  
  191  14:05  Viper x2  
  197  14:10  Zergling x6  
  197  14:15  Overseer  
  200  14:20  Hatchery  
  198  14:32  Drone  
  178  14:57  Burrow  
  178  14:58  Zerg Flyer Armor Level 2, Pathogen Glands  
  178  15:01  Drone x2  
  178  15:02  Drone x5  
  178  15:07  Queen x2  
  185  15:13  Baneling  
  185  15:14  Baneling x2  
  189  15:17  Spore Crawler x3  
  189  15:19  Spore Crawler  
  189  15:20  Extractor  
  184  15:22  Extractor  
  179  15:30  Drone x3  
  179  15:34  Infestor x4, Spine Crawler  
  179  15:35  Infestor x2, Spine Crawler  
  191  15:38  Corruptor x4  
  198  15:54  Neural Parasite  
  198  16:12  Corruptor  
  192  16:29  Brood Lord x3  
  200  16:44  Viper x2  
  200  16:46  Brood Lord  
  184  17:01  Hydralisk x8  
  172  17:09  Hydralisk x18  
  172  17:14  Zergling x12  
  181  17:16  Hydralisk x3  
  185  17:34  Hydralisk x7  
  172  17:45  Zergling x2  
  172  17:46  Zergling x14  
  132  18:01  Hydralisk x5  
Show
View Real Time Build Order
Export as new Build Order

HeroMarine Terran - Winner!

Build Orders: Gas First Reaper Expand, Mech, Banshee Rush 

Get SALT Encoding   

  12  0:00  SCV  
  13  0:12  SCV  
  14  0:17  Supply Depot  
  14  0:25  SCV  
  15  0:30  Refinery  
  15  0:39  SCV  
  16  0:46  Barracks  
  16  0:51  SCV  
  17  1:03  SCV  
  18  1:15  SCV  
  19  1:33  Reaper, Orbital Command  
  20  1:44  Command Center  
  20  1:55  Factory  
  20  2:01  SCV  
  21  2:08  Barracks Reactor  
  21  2:13  SCV  
  22  2:18  Supply Depot  
  22  2:22  Refinery  
  22  2:25  SCV  
  23  2:39  SCV  
  24  2:48  Starport  
  24  2:50  Marine x2  
  26  2:51  SCV  
  26  2:55  Factory Tech Lab  
  26  2:57  Orbital Command  
  27  3:03  SCV  
  28  3:08  Marine x2  
  30  3:15  SCV  
  31  3:24  SCV  
  31  3:26  Marine x2  
  34  3:28  SCV  
  34  3:31  Banshee, Cloaking Field  
  38  3:36  SCV  
  38  3:37  Supply Depot  
  38  3:40  SCV, Factory Tech Lab  
  40  3:48  SCV, Marine x2  
  41  3:52  SCV  
  44  4:00  SCV, Siege Tank  
  44  4:01  Supply Depot  
  48  4:04  SCV  
  48  4:06  Marine x2  
  51  4:12  SCV  
  51  4:16  SCV  
  53  4:18  Supply Depot  
  53  4:22  Banshee  
  56  4:24  SCV  
  56  4:28  SCV  
  57  4:38  Command Center, Siege Tank  
  60  4:41  Supply Depot  
  60  4:42  SCV  
  61  4:46  Supply Depot  
  61  4:48  SCV  
  62  4:54  SCV, Refinery  
  62  4:58  Refinery  
  63  5:01  SCV  
  63  5:06  SCV  
  65  5:10  Banshee  
  68  5:15  SCV  
  68  5:18  SCV  
  70  5:24  Hellion x2  
  70  5:26  Armory  
  70  5:27  SCV  
  75  5:30  SCV  
  75  5:32  Factory  
  76  5:39  SCV  
  76  5:41  Factory  
  77  5:43  SCV  
  77  5:45  Supply Depot  
  78  5:51  SCV  
  78  5:52  Supply Depot  
  78  5:55  SCV  
  80  6:03  SCV  
  80  6:04  Hellion x2  
  85  6:07  SCV  
  86  6:11  Supply Depot  
  86  6:12  Starport Reactor  
  86  6:15  SCV  
  86  6:16  Cyclone, Mag-Field Accelerator, Refinery  
  86  6:17  Orbital Command  
  90  6:19  SCV  
  90  6:23  Terran Vehicle And Ship Armor Level 1  
  91  6:27  SCV  
  91  6:29  Refinery  
  91  6:31  SCV  
  93  6:33  Supply Depot  
  93  6:37  Supply Depot  
  94  6:40  SCV  
  94  6:43  SCV  
  94  6:45  Cyclone  
  98  6:47  SCV  
  98  6:48  Cyclone  
  98  6:50  Supply Depot  
  98  6:52  SCV  
  103  6:55  SCV, Barracks Reactor  
  103  6:58  Factory  
  103  6:59  SCV, Factory  
  105  7:04  SCV, Supply Depot  
  105  7:07  SCV  
  107  7:11  SCV  
  108  7:16  SCV  
  108  7:17  Cyclone  
  108  7:19  SCV  
  108  7:20  Cyclone  
  116  7:24  Command Center  
  118  7:31  SCV  
  118  7:32  Liberator x2  
  117  7:46  Factory Reactor, Factory Tech Lab  
  117  7:49  Cyclone  
  117  7:50  Infernal Pre-Igniter  
  126  7:52  Cyclone  
  126  7:53  SCV x3  
  132  7:59  Hellion x2  
  132  8:00  Hellion x2  
  141  8:07  Supply Depot  
  141  8:08  Supply Depot  
  141  8:09  Cyclone  
  141  8:10  Supply Depot  
  143  8:21  Cyclone  
  143  8:24  Cyclone  
  149  8:30  Hellion  
  149  8:31  Hellion x3  
  157  8:34  Terran Vehicle And Ship Armor Level 2  
  157  8:41  SCV, Cyclone  
  158  8:42  SCV x2, Engineering Bay  
  161  8:52  Hellion x3  
  161  8:53  Cyclone  
  170  8:57  SCV x3  
  173  9:11  Refinery x2  
  173  9:13  Cyclone x2  
  173  9:16  Fusion Core, Starport  
  179  9:18  Hellion x2, Starport  
  179  9:20  Hellion  
  179  9:21  Planetary Fortress  
  185  9:25  Cyclone  
  185  9:28  Liberator x2  
  186  9:32  Command Center  
  187  10:00  Starport Reactor, Supply Depot  
  187  10:01  Starport Tech Lab  
  187  10:03  Liberator  
  187  10:10  Liberator  
  187  10:11  Command Center, Liberator  
  187  10:19  Armory, Command Center  
  187  10:20  Advanced Ballistics, Liberator x2  
  197  10:45  Command Center, Liberator  
  186  10:58  Cyclone x3  
  186  10:59  Hellion x4  
  200  11:11  Terran Vehicle And Ship Armor Level 3, Terran Vehicle Weapons Level 1  
  200  11:17  Planetary Fortress  
  200  11:19  Liberator x2  
  200  11:20  Hi-Sec Auto Tracking  
  200  11:24  Command Center  
  194  11:25  Sensor Tower  
  194  11:28  Orbital Command  
  194  11:31  Refinery  
  194  11:33  Orbital Command  
  194  11:34  Refinery  
  200  11:41  Liberator  
  200  11:42  Liberator  
  200  11:46  Factory  
  200  11:47  Factory  
  195  11:59  Liberator  
  195  12:00  Cyclone  
  194  12:01  Hellion x2  
  194  12:02  Hellion, Liberator  
  194  12:07  Liberator  
  199  12:10  Cyclone  
  199  12:14  Hellion x2  
  185  12:23  Hellion x2  
  185  12:26  Orbital Command  
  185  12:27  SCV  
  185  12:29  Hellion  
  197  12:30  Hellion  
  197  12:32  Cyclone  
  196  12:40  SCV, Cyclone  
  196  12:42  Hellion  
  196  12:43  Hellion  
  187  12:47  Hellion x2  
  187  12:48  Cyclone  
  187  12:51  Hellion x2  
  196  13:07  Viking  
  196  13:08  Viking x4  
  196  13:09  Cyclone  
  192  13:14  Hellion x2  
  176  13:26  Hellion, Liberator x3  
  148  13:37  Viking, Liberator, Factory Tech Lab  
  148  13:38  Factory Tech Lab  
  150  13:42  Refinery  
  150  13:44  Thor x2  
  164  13:50  Refinery  
  164  13:54  Thor  
  164  13:55  Liberator  
  164  13:58  Orbital Command  
  164  14:04  Sensor Tower  
  164  14:07  Terran Ship Weapons Level 1  
  164  14:08  Terran Vehicle Weapons Level 2  
  164  14:10  Hellion  
  164  14:11  Hellion  
  164  14:16  Hellion x2  
  164  14:17  Hellion  
  177  14:22  Thor  
  181  14:27  Hellion x2  
  181  14:29  Viking  
  181  14:30  Viking  
  187  14:32  Hellion  
  185  14:40  Hellion  
  185  14:41  Hellion x2  
  186  14:55  Hellion x2  
  196  15:09  Command Center  
  196  15:18  Thor x2  
  196  15:22  Thor  
  198  15:29  Thor  
  200  15:36  Command Center  
  200  15:41  Liberator  
  200  15:42  Liberator  
  200  15:44  Liberator x2  
  200  15:46  Starport  
  200  15:51  Factory  
  199  16:07  Liberator  
  199  16:08  Smart Servos  
  199  16:10  Terran Ship Weapons Level 2  
  197  16:23  Liberator  
  195  16:25  Sensor Tower  
  195  16:27  Starport Reactor  
  196  16:52  Cyclone  
  196  16:53  Cyclone, Liberator x2  
  196  16:54  Hellion x2, Liberator  
  200  16:59  Hellion x2, Thor  
  195  17:02  Hellion x2  
  200  17:27  Planetary Fortress  
  200  17:28  Liberator x2  
  200  17:42  Cyclone  
  200  17:43  Hellion x3, Cyclone  
  200  17:44  Cyclone  
  186  17:46  Cyclone x2  
  186  17:47  Hellion  
  157  18:04  Hellion x3  
Tags
 
Add a new tag
Caveats
  • Supply blocks, unpowered buildings, or Contaminate may cause inaccurate times.
  • Supply counts are checked every 10 seconds.